Workbook
Name \A: #REF!
Name \A: #REF!
Name \a: #REF!
Name \a: #REF!
Name \L: #REF!
Name \L: #REF!
Name \L: #REF!
Name \P: #REF!
Name \P: #REF!
Name \P: #REF!
Name \s: #REF!
Name \s: #REF!
Name \s: #REF!
Name \s: #REF!
Name _______________AFC1: [1]INV!$A$25:$D$28
Name _______________AFC3: [1]INV!$F$25:$I$28
Name _______________AFC5: [1]INV!$K$25:$N$28
Name _______________BGC1: [1]INV!$A$5:$D$8
Name _______________BGC3: [1]INV!$F$5:$I$8
Name _______________BGC5: [1]INV!$K$5:$N$8
Name _______________CAC1: [1]INV!$A$19:$D$22
Name _______________CAC3: [1]INV!$F$19:$I$22
Name _______________CAC5: [1]INV!$K$19:$N$22
Name _______________oa55: #REF!
Name _______________oa55: #REF!
Name _______________oa55: #REF!
Name _______________SBC1: [1]INV!$A$12:$D$15
Name _______________SBC3: [1]INV!$F$12:$I$15
Name _______________SBC5: [1]INV!$K$12:$N$15
Name ______________AFC1: [1]INV!$A$25:$D$28
Name ______________AFC3: [1]INV!$F$25:$I$28
Name ______________AFC5: [1]INV!$K$25:$N$28
Name ______________BGC1: [1]INV!$A$5:$D$8
Name ______________BGC3: [1]INV!$F$5:$I$8
Name ______________BGC5: [1]INV!$K$5:$N$8
Name ______________CAC1: [1]INV!$A$19:$D$22
Name ______________CAC3: [1]INV!$F$19:$I$22
Name ______________CAC5: [1]INV!$K$19:$N$22
Name ______________oa55: #REF!
Name ______________oa55: #REF!
Name ______________oa55: #REF!
Name ______________SBC1: [1]INV!$A$12:$D$15
Name ______________SBC3: [1]INV!$F$12:$I$15
Name ______________SBC5: [1]INV!$K$12:$N$15
Name _____________AFC1: [1]INV!$A$25:$D$28
Name _____________AFC3: [1]INV!$F$25:$I$28
Name _____________AFC5: [1]INV!$K$25:$N$28
Name _____________BGC1: [1]INV!$A$5:$D$8
Name _____________BGC3: [1]INV!$F$5:$I$8
Name _____________BGC5: [1]INV!$K$5:$N$8
Name _____________CAC1: [1]INV!$A$19:$D$22
Name _____________CAC3: [1]INV!$F$19:$I$22
Name _____________CAC5: [1]INV!$K$19:$N$22
Name _____________oa55: #REF!
Name _____________oa55: #REF!
Name _____________oa55: #REF!
Name _____________SBC1: [1]INV!$A$12:$D$15
Name _____________SBC3: [1]INV!$F$12:$I$15
Name _____________SBC5: [1]INV!$K$12:$N$15
Name ____________AFC1: [1]INV!$A$25:$D$28

Sheet ppto oficial
A2: MINISTERIO DE TRANSPORTE
A3: INSTITUTO NACIONAL DE VÍAS
A4: DEPENDENCIA: TERRITORIAL BOYACÁ
A5: INVITACIÓN PÚBLICA No. IP-DT-BOY-024 DE 2019
A7: OBJETO: SUMINISTRO DE MEZCLA - MINIMA CUANTÍA VÍA 6211
A10: PRESUPUESTO OFICIAL
A12: No. | C12: ITEM DE PAGO | D12: ESPECIFICACIONES | F12: DESCRIPCIÓN | G12: UND | H12: CANTIDAD | I12: VALOR UNITARIO | J12: VALOR TOTAL
D13: GRAL | E13: PART
A14: 1 | C14: 450.10P | D14: 450-13 | E14: 450-10P | F14: SUMINISTRO DE MEZCLA EN CALIENTE TIPO MSC - 25 PARA BACHEO (INCLUYE, TRANSPORTE, EQUIPO DE COMPACTACIÓN Y CORTADORA DE PAVIMENTO) | G14: M3 | H14: 139 | I14: ='450.10P'!N89 -> 477580 | J14: =+H14*I14 -> 66383620
A15: 2 | C15: 411.1P | D15: 411-13 | E15: 411-1P | F15: SUMINISTRO DE EMULSION ASFALTICA DE ROTURA RAPIDA CRR-1 | G15: Litro | H15: =+H14*7+174 -> 1147 | I15: ='411.1P'!N89 -> 2200 | J15: =+H15*I15 -> 2523400
F17: SUBTOTAL | J17: =+J14+J15 -> 68907020
F19: SUBTOTAL | J19: =+J17 -> 68907020
F20: IVA (19% ) | J20: =+ROUND(J19*0.19,0) -> 13092334
F21: VALOR TOTAL | J21: =+J19+J20 -> 81999354

Sheet 450.10P
K1: CÓDIGO | L1: MINFRA-MN-IN-10-FR-1
C2: INSTITUTO NACIONAL DE VIAS
C3: PROCESO GESTIÓN DE LA INFRAESTRUCTURA VIAL | K3: VERSIÓN | L3: 1
C4: MANUAL DE INTERVENTORÍA OBRA PÚBLICA
C5: ANÁLISIS DE PRECIOS UNITARIOS | K5: PÁGINA | M5: DE
K8: FECHA
L9: (Día) | M9: (Mes) | N9: (Año)
B10: ITEMS DE LA PROPUESTA ECONÓMICA | F10: □ | I10: ITEMS NO PREVISTOS | K10: □
B11: UNIDAD EJECUTORA: | J11: DIRECCIÓN TERRITORIAL:
B14: CONTRATO No. | D14: DE
B15: OBJETO DEL CONTRATO:
B18: CARRETERA: | J18: SECTOR:
B20: CONTRATISTA:
B22: INTERVENTOR: | K22: CTO No.: | M22: DE
B24: FECHA CIERRE PROCESO DE SELECCIÓN CONTRATO DE OBRA:
F25: (Día) | I25: (Mes) | J25: (Año)
B29: DATOS ESPECÍFICOS
B31: ITEM | C31: DESCRIPCIÓN | K31: GRUPO DE AJUSTE | L31: UNIDAD | N31: CANTIDAD
B32: ITEM | C32: DESCRIPCIÓN | L32: UNIDAD | N32: CANTIDAD
B33: 450.10P | C33: =+'ppto oficial'!F14 -> SUMINISTRO DE MEZCLA EN CALIENTE TIPO MSC - 25 PARA BACHEO (INCLUYE, TRANSPORTE, EQUIPO DE COMPACTACIÓN Y CORTADORA DE PAVIMENTO) | L33: =+[72]PRESUPUESTO!G22 -> m3
B35: I. EQUIPO
B37: DESCRIPCIÓN | I37: TIPO | K37: TARIFA/HORA | L37: RENDIMIENTO | N37: Vr. UNITARIO
B39: Compactador tipo POTENCIA: 105 HP, PESO: 6 ton | K39: 89250 | L39: 5 | N39: =K39/L39 -> 17850
B40: Cortadora de pavimento | K40: 27699 | L40: 5 | N40: =K40/L40 -> 5539.8
B45: SUBTOTAL $ | N45: =N38+N39+N40+N41 -> 23389.8
B47: II. MATERIALES
B49: DESCRIPCIÓN | J49: UNIDAD | K49: CANTIDAD | L49: PRECIO UNIT. | N49: Vr. UNITARIO
B50: Mezcla en caliente MSC - 25 | J50: M³ | K50: 1 | L50: 434350 | N50: =K50*L50 -> 434350
B55: SUBTOTAL $ | N55: =N50 -> 434350
B57: III. TRANSPORTES
B59: MATERIAL | H59: UNIDAD | I59: CANTIDAD (1) | J59: DISTANCIA (2) | K59: (1) * (2) | L59: TARIFA | N59: Vr. UNITARIO
B60: MEZCLA EN CALIENTE MSC - 25 | H60: m3-km | I60: 1 | J60: 20 | K60: =+I60*J60 -> 20 | L60: 992 | N60: =K60*L60 -> 19840
B66: SUBTOTAL $ | N66: =N60 -> 19840
B68: IV. MANO DE OBRA
B70: TRABAJADOR | I70: JORNAL | J70: PRESTACIONES (%) | K70: JORNAL TOTAL | L70: RENDIMIENTO | N70: Vr. UNITARIO
B77: SUBTOTAL $ | N77: =N72+N73+N74 -> 0
B79: TOTAL COSTO DIRECTO $ | N79: =N45+N55+N66+N77 -> 477579.8
B81: V. COSTOS INDIRECTOS
B83: Descripción | K83: Porcentaje | L83: Valor Total
B84: ADMINISTRACION
B85: IMPREVISTOS
B86: UTILIDAD
B87: SUBTOTAL $ | N87: =L84+L85+L86 -> 0
B89: Precio Unitario Total Aproximado al Peso $ | N89: =ROUND((N79+N87),0) -> 477580
E94: Firma
E95: Nombre:
E96: Representante Legal del Contratista o su Apoderado
E97: Matricula No. :
B99: OBSERVACIONES INTERVENTORÍA:
B105: APROBACIÓN POR INTERVENTORÍA
B106: Nota 1: Cuando se trate de Análisis de precios unitarios correspondientes a ítems de la propuesta económica aprobada, el Interventor aprueba el desglose de los componentes manteniendo el mismo precio unitario de cada ítem, cumpliendo con las especificaciones de construcción vigentes para el proyecto.
B108: Nota 2: Cuando se trate de Análisis de precios unitarios de ítems no previstos, el Interventor aprueba el desglose y precio unitario de cada ítem no previsto, exigiendo la aplicación de los costos correspondientes a insumos y tarifas de la propuesta económica inicial cuando estén contemplados, cumpliendo con las especificaciones de construcción vigente para el proyecto.
E114: Firma
E115: Nombre:
E116: Representante Legal del Interventor o su Apoderado
E117: Matricula No. :
B119: Original: Archivo de Gestión del Contrato (Subdirección Administrativa).
B120: Copias: Unidad Ejecutora, Contratista, Interventor y Dirección Territorial.

Sheet 411.1P
K1: CÓDIGO | L1: MINFRA-MN-IN-10-FR-1
C2: INSTITUTO NACIONAL DE VIAS
C3: PROCESO GESTIÓN DE LA INFRAESTRUCTURA VIAL | K3: VERSIÓN | L3: 1
C4: MANUAL DE INTERVENTORÍA OBRA PÚBLICA
C5: ANÁLISIS DE PRECIOS UNITARIOS | K5: PÁGINA | M5: DE
K8: FECHA
L9: (Día) | M9: (Mes) | N9: (Año)
B10: ITEMS DE LA PROPUESTA ECONÓMICA | F10: □ | I10: ITEMS NO PREVISTOS | K10: □
B11: UNIDAD EJECUTORA: | J11: DIRECCIÓN TERRITORIAL:
B14: CONTRATO No. | D14: DE
B15: OBJETO DEL CONTRATO:
B18: CARRETERA: | J18: SECTOR:
B20: CONTRATISTA:
B22: INTERVENTOR: | K22: CTO No.: | M22: DE
B24: FECHA CIERRE PROCESO DE SELECCIÓN CONTRATO DE OBRA:
F25: (Día) | I25: (Mes) | J25: (Año)
B29: DATOS ESPECÍFICOS
B31: ITEM | C31: DESCRIPCIÓN | K31: GRUPO DE AJUSTE | L31: UNIDAD | N31: CANTIDAD
B32: ITEM | C32: DESCRIPCIÓN | L32: UNIDAD | N32: CANTIDAD
A33: Unidad | B33: 411.1P | C33: SUMINISTRO DE EMULSION ASFALTICA DE ROTURA RAPIDA CRR-1 | L33: Lt
B35: I. EQUIPO
B37: DESCRIPCIÓN | I37: TIPO | K37: TARIFA/HORA | L37: RENDIMIENTO | N37: Vr. UNITARIO
B45: SUBTOTAL $ | N45: =N38+N39+N40+N41 -> 0
B47: II. MATERIALES
B49: DESCRIPCIÓN | J49: UNIDAD | K49: CANTIDAD | L49: PRECIO UNIT. | N49: Vr. UNITARIO
B50: EMULSIÓN ASFÁLTICA CRR-1 | J50: Lt | K50: 1 | L50: 2200 | N50: =K50*L50 -> 2200
B55: SUBTOTAL $ | N55: =N50 -> 2200
B57: III. TRANSPORTES
B59: MATERIAL | H59: UNIDAD | I59: CANTIDAD (1) | J59: DISTANCIA (2) | K59: (1) * (2) | L59: TARIFA | N59: Vr. UNITARIO
B66: SUBTOTAL $ | N66: =N60 -> 0
B68: IV. MANO DE OBRA
B70: TRABAJADOR | I70: JORNAL | J70: PRESTACIONES (%) | K70: JORNAL TOTAL | L70: RENDIMIENTO | N70: Vr. UNITARIO
B77: SUBTOTAL $ | N77: =N72+N73+N74 -> 0
B79: TOTAL COSTO DIRECTO $ | N79: =N45+N55+N66+N77 -> 2200
B81: V. COSTOS INDIRECTOS
B83: Descripción | K83: Porcentaje | L83: Valor Total
B84: ADMINISTRACION
B85: IMPREVISTOS
B86: UTILIDAD
B87: SUBTOTAL $ | N87: =L84+L85+L86 -> 0
B89: Precio Unitario Total Aproximado al Peso $ | N89: =ROUND((N79+N87),0) -> 2200
E94: Firma
E95: Nombre:
E96: Representante Legal del Contratista o su Apoderado
E97: Matricula No. :
B99: OBSERVACIONES INTERVENTORÍA:
B105: APROBACIÓN POR INTERVENTORÍA
B106: Nota 1: Cuando se trate de Análisis de precios unitarios correspondientes a ítems de la propuesta económica aprobada, el Interventor aprueba el desglose de los componentes manteniendo el mismo precio unitario de cada ítem, cumpliendo con las especificaciones de construcción vigentes para el proyecto.
B108: Nota 2: Cuando se trate de Análisis de precios unitarios de ítems no previstos, el Interventor aprueba el desglose y precio unitario de cada ítem no previsto, exigiendo la aplicación de los costos correspondientes a insumos y tarifas de la propuesta económica inicial cuando estén contemplados, cumpliendo con las especificaciones de construcción vigente para el proyecto.
E114: Firma
E115: Nombre:
E116: Representante Legal del Interventor o su Apoderado
E117: Matricula No. :
B119: Original: Archivo de Gestión del Contrato (Subdirección Administrativa).
B120: Copias: Unidad Ejecutora, Contratista, Interventor y Dirección Territorial.

Sheet ppta ECONOMICA
A2: MINISTERIO DE TRANSPORTE
A3: INSTITUTO NACIONAL DE VÍAS
A4: DEPENDENCIA: TERRITORIAL BOYACÁ
A5: INVITACIÓN PÚBLICA No. IP-DT-BOY-024 DE 2019
A7: OBJETO: SUMINISTRO DE MEZCLA - MINIMA CUANTÍA VÍA 6211
A9: FORMULARIO
A10: OFERTA ECONOMICA
A12: No. | C12: ITEM DE PAGO | D12: ESPECIFICACIONES | F12: DESCRIPCIÓN | G12: UND | H12: CANTIDAD | I12: VALOR UNITARIO | J12: VALOR TOTAL
D13: GRAL | E13: PART
A14: 1 | C14: 450.10P | D14: 450-13 | E14: 450-10P | F14: SUMINISTRO DE MEZCLA EN CALIENTE TIPO MSC - 25 PARA BACHEO (INCLUYE, TRANSPORTE, EQUIPO DE COMPACTACIÓN Y CORTADORA DE PAVIMENTO) | G14: M3 | H14: ='ppto oficial'!H14 -> 139
A15: 2 | C15: 411.1P | D15: 411-13 | E15: 411-1P | F15: SUMINISTRO DE EMULSION ASFALTICA DE ROTURA RAPIDA CRR-1 | G15: Litro | H15: ='ppto oficial'!H15 -> 1147
F17: SUBTOTAL
F19: SUBTOTAL
F20: IVA (19% )
F21: VALOR TOTAL
C26: RAZON SOCIAL DEL INTERESADO _____________________________
C29: REPRESENTANTE LEGAL DEL INTERESADO (nombre y firma): _____________________________
